AoeStats
← LuckyFox

Arabia

508668918Analyzed
1v1 RM · 10d ago on Sep 23, 2026· 31m 38s· 2 players
Game mode
Random Map
Map size
Tiny (2 player)
Population
200
Speed
Normal
Resources
Standard
Victory
Conquest
Starting age
Dark Age
Ending age
Imperial Age
RankedLock teamsTeams togetherTeam positionsShared explorationLock speedFull tech treeHidden civsTurbo modeCheats
Victory
Defeat
🇬🇧 Armenians · United Kingdom
579
+19
🇷🇺 Berbers · Russia
650
-19
LuckyFox
4:30 Loom
11:20 Feudal Age
16:21 Horse Collar
19:06 Bloodlines
19:51 Wheelbarrow
25:15 Castle Age
24:34 Double-Bit Axe
25:19 Light Cavalry
31:58 Husbandry
Mdigby X
11:39 Feudal Age
12:02 Horse Collar
12:09 Double-Bit Axe
13:37 Wheelbarrow
13:51 Gold Mining
14:01 Pikeman
14:03 Man-at-Arms
14:29 Arson
17:43 Forging
17:33 Scale Mail Armor
17:04 Long Swordsman
24:56 Castle Age
28:25 Hand Cart
28:50 Iron Casting
28:30 Chain Mail Armor
27:38 Two-Handed Swordsman
28:20 Squires
30:24 Gambesons
Connection lost

Rejoining the realm…

Still unreachable

The connection could not be restored.

Session expired

The server has moved on; the page needs a fresh start.